 Dungeon Crawl Stone Soup version 0.20.1-1-g8b1a95d (webtiles) character file.

200006 equalderp2856 the Severer (level 18, -1/145 HPs)
             Began as a Mummy Fighter on Oct 27, 2017.
             Slain by a wolf spider (4 damage)
             ... on level 4 of the Spider Nest.
             The game lasted 03:02:45 (260726 turns).

equalderp2856 the Severer (Mummy Fighter)         Turns: 260726, Time: 03:02:46

Health: -1/145     AC: 30    Str: 20    XL:     18   Next: 26%
Magic:  35/35      EV:  7    Int: 16    God:
Gold:   1768       SH: 10    Dex: 13    Spells: 35/43 levels left

rFire    x . .     SeeInvis .   u - +4 broad axe (flame)
rCold    + . .     Gourm    .   c - +0 shield
rNeg     + + +     Faith    .   m - +4 chain mail
rPois    ∞         Spirit   .   O - +2 helmet
rElec    .         Reflect  .   n - +2 cloak
rCorr    .         Harm     .   e - +2 pair of gloves {archery}
MR       +++..                  y - +2 pair of boots
Stlth    ..........             (no amulet)
Regen    0.4/turn               J - ring of protection from magic
MPRegen  0.3/turn               d - +3 ring of intelligence

@: about to teleport
A: no food or potions, fire vulnerability, cold resistance 1, negative energy
resistance 3, torment resistance, unbreathing, in touch with death 1
a: no special abilities


You were on level 4 of the Spider Nest.
You were not hungry.

You visited 5 branches of the dungeon, and saw 28 of its levels.

You collected 2661 gold pieces.
You spent 893 gold pieces at shops.

Inventory:

Hand Weapons
 r - a +1 antimagic war axe
 u - a +4 broad axe of flaming (weapon)
 A - a +0 vampiric trident
 C - a +1 demon trident of venom
 M - a +3 war axe
 Z - a +1 trident of piercing
Armour
 c - a +0 shield (worn)
 e - a +2 pair of gloves of archery (worn)
 i - a +2 pair of gloves
 j - a +2 chain mail of positive energy
 m - a +4 chain mail (worn)
 n - a +2 cloak (worn)
 q - a +2 pair of gloves
 y - a +2 pair of boots (worn)
 E - a +0 plate armour
 O - a +2 helmet (worn)
 W - a scarf of resistance
 X - a +1 chain mail of cold resistance
Jewellery
 b - an uncursed ring of magical power
 d - a +3 ring of intelligence (right hand)
 g - a +1 ring of protection
 s - a +4 ring of intelligence
 J - a ring of protection from magic (left hand)
 T - an uncursed ring of ice
 Y - a +3 ring of intelligence
Wands
 a - a wand of lightning (0/15)
 k - a wand of confusion (9/48)
 t - a wand of lightning (0/15)
 z - a wand of clouds (5/9)
 D - a wand of flame (0/48)
 F - a wand of paralysis (11/24)
 G - a wand of random effects (20/48)
 K - a wand of polymorph (7/24)
 Q - a wand of iceblast (2/15)
Scrolls
 f - a scroll of fear
 h - 8 scrolls of amnesia
 l - 3 scrolls of enchant armour
 o - 8 scrolls of remove curse
 p - 4 scrolls of magic mapping
 I - 3 scrolls of fog
 L - a scroll of brand weapon
 N - 5 scrolls of identify
 R - a scroll of teleportation
 S - 5 scrolls of recharging
 V - a scroll of enchant weapon
Books
 v - a book of Conjurations

   Spells                             Type                      Level
   a - Magic Dart                     Conjuration                  1
   b - Searing Ray                    Conjuration                  2
   c - Dazzling Spray                 Conjuration/Hexes            3
   d - Fulminant Prism                Conjuration/Hexes            4
   e - Force Lance                    Conjuration/Translocation    4
   f - Iskenderun's Mystic Blast      Conjuration                  4
 w - a book of Flames

   Spells                             Type                      Level
   a - Flame Tongue                   Conjuration/Fire             1
   b - Throw Flame                    Conjuration/Fire             2
   c - Conjure Flame                  Conjuration/Fire             3
   d - Inner Flame                    Hexes/Fire                   3
   e - Sticky Flame                   Conjuration/Fire             4
   f - Fireball                       Conjuration/Fire             5
 B - a book of Geomancy

   Spells                             Type                      Level
   a - Sandblast                      Earth                        1
   b - Passwall                       Transmutation/Earth          2
   c - Stone Arrow                    Conjuration/Earth            3
   d - Petrify                        Transmutation/Earth          4
   e - Lee's Rapid Deconstruction     Earth                        5
 U - a book of Cantrips

   Spells                             Type                      Level
   a - Confusing Touch                Hexes                        1
   b - Animate Skeleton               Necromancy                   1
   c - Summon Small Mammal            Summoning                    1
   d - Apportation                    Translocation                1
Miscellaneous
 x - a lightning rod (4/4)
 H - a fan of gales (inert)


   Skills:
 + Level 13.7 Fighting
 * Level 16.6 Axes
 - Level 0.1(11.1) Polearms
 + Level 11.7 Armour
 - Level 2.2 Dodging
 - Level 0.1 Stealth
 - Level 5.4 Shields
 - Level 13.2 Spellcasting
 - Level 10.0 Necromancy
 * Level 9.0 Translocations
 * Level 2.6 Evocations


You had 35 spell levels left.
You knew the following spells:

 Your Spells              Type           Power        Failure   Level  Hunger
a - Animate Skeleton      Necr           N/A          2%          1    N/A
b - Apportation           Tloc           #####.       3%          1    N/A
c - Confusing Touch       Hex            ##....       83%         1    N/A
d - Summon Small Mammal   Summ           ##..         83%         1    N/A
e - Force Lance           Conj/Tloc      ####....     92%         4    N/A

Dungeon Overview and Level Annotations

Branches:
Dungeon (14/15)            Temple (0/1) D:5            Lair (6/6) D:8
 Shoals (2/4) Lair:2       Spider (4/4) Lair:2        Slime (0/5) Lair:6
    Orc (2/2) D:9             Elf (0/3) Orc:2        Vaults (0/5) D:13

Altars:
Dithmenos
Fedhas
Hepliaklqana
Makhleb
Nemelex Xobeh
Okawaru
Sif Muna
Trog
Yredelemnul
The Shining One
Beogh

Shops:
D:6 (   D:11 }   D:14 [   Orc:2 (***

Annotations:
D:14 HammerPanzer's ghost, journeyman DsBe
Lair:5 exclusion: 2 oklob plants
Spider:4 exclusion: 3 doors, Bai Suzhen


Innate Abilities, Weirdness & Mutations

You do not eat or drink.
Your flesh is vulnerable to fire.
You are immune to poison.
Your flesh is cold resistant. (rC+)
You are immune to negative energy. (rN+++)
You are immune to unholy pain and torment.
You can survive without breathing.
You are in touch with the powers of death.


Message History

* * * LOW HITPOINT WARNING * * *
The wolf spider completely misses you. You block the wolf spider's attack.
Unknown command.
Okay, then.
Okay, then.
Unknown command.
Unknown command.
Unknown command.
Unknown command.
Unknown command.
Unknown command.
Unknown command.
Press: ? - help, v - describe, . - travel
Here: a wolf spider (berserk, fast, unusually strong, clinging)
A web.
Evoke which item? (* to show all) (? for menu, Esc to quit)
A fierce wind blows from the fan.
The tarantella and the wolf spider are blown away by the wind.
The wolf spider hits you.
You die...

##^....####
##.......#
####...##
#.†..###
##....^#
#....##
##...^###
##.....###
##@..s.^###
##s##.....#
##.y#.....##
##..#...####
#.#.^.....#
##..#.....##
#^.....#^##
###......#
###........


You could see a wolf spider (berserk), a moth of wrath and a tarantella.

Vanquished Creatures
  Arachne (Spider:4)
  Kirke (Spider:1)
  A ghost moth (Spider:4)
  4 entropy weavers
  The ghost of Monsterracer the Cleaver, a journeyman DDFi of Makhleb (Lair:6)
  Azrael (Orc:2)
  2 spark wasps (Spider:4)
  6 dire elephants
  Josephine (Orc:2)
  3 merfolk impalers (Shoals:1)
  13 hydras
  5 vault guards (D:13)
  A merfolk avatar (Lair:2)
  Erica (D:8)
  A catoblepas (Lair:6)
  An anaconda (Lair:3)
  4 centaur warriors (D:14)
  A merfolk aquamancer (Shoals:1)
  12 two-headed ogres
  28 death yaks
  An alligator (Lair:6)
  6 orc high priests
  A deep troll shaman (Lair:6)
  Sonja (D:10)
  6 fire crabs
  3 skeletal warriors
  A wizard (D:13)
  2 unseen horrors
  2 sea snakes
  2 deep elf archers (D:13)
  3 harpies (Shoals:1)
  2 orc sorcerers
  Pikel (D:5)
  A lindwurm (Lair:6)
  7 manticores
  6 orc knights
  4 fauns (Shoals:1)
  2 ugly things
  14 orb spiders
  3 deep elf magi
  4 cyclopes
  28 wolf spiders
  10 elephants
  10 black mambas
  2 merfolk sirens
  2 rust devils (D:10)
  2 moths of wrath
  Psyche (D:9)
  A centaur skeleton (D:11)
  A gargoyle (D:10)
  The ghost of Irenicus the Geomancer, a novice DDEE (D:6)
  6 torpor snails
  21 spiny frogs
  5 kobold demonologists
  5 rime drakes
  17 demonic crawlers
  An efreet (D:13)
  11 komodo dragons
  A freezing wraith (D:13)
  6 trolls
  A harpy zombie (D:13)
  4 merfolk (Shoals:1)
  A tengu conjurer (D:13)
  39 jumping spiders
  3 polar bears
  A wind drake (Shoals:1)
  2 hornets (Spider:2)
  16 blink frogs
  7 slime creatures
  4 snapping turtles
  16 hippogriffs
  72 dream sheep
  A centaur simulacrum (D:14)
  Sigmund (D:5)
  4 wraiths
  64 redbacks
  2 shadows
  5 water elementals (Shoals:1)
  6 wyverns
  21 tarantellas
  Eustachio (D:6)
  56 yaks
  3 spriggans
  3 hogs (Spider:1)
  A hungry ghost (D:12)
  6 basilisks
  A fire elemental (Orc:2)
  7 vampire mosquitoes
  A soldier ant (D:11)
  5 hell hounds
  Duvessa (D:5)
  46 orc warriors
  23 water moccasins
  7 porcupines
  5 phantoms
  3 sky beasts
  7 black bears
  A necrophage (D:8)
  6 ice beasts
  29 wolves
  17 centaurs
  14 ogres
  23 crocodiles
  15 big kobolds
  Blork the orc (D:5)
  A gnoll sergeant (D:12)
  18 bullfrogs
  2 wyvern zombies
  A wyvern skeleton (D:6)
  A scorpion (D:8)
  Dowan (D:5)
  11 wights
  2 electric eels (Lair:2)
  7 howler monkeys
  3 bullfrog zombies
  3 crimson imps
  37 orc priests
  3 centaur zombies
  4 hounds
  28 orc wizards
  3 quasits
  5 jellies
  Crazy Yiuf (D:3)
  5 iguanas
  Jessica (D:2)
  2 bullfrog skeletons
  Natasha (thrice) (D:2)
  17 worker ants
  3 hound zombies
  A hound skeleton (D:9)
  7 gnolls
  11 adders
  6 shadow imps
  6 oozes
  An adder zombie (D:8)
  A worm (D:3)
  9 dart slugs
  8 leopard geckos
  127 orcs
  5 bats
  7 giant cockroaches
  5 goblins
  4 hobgoblins
  8 jackals
  40 kobolds
  2 quokkas
  A ball python (D:4)
  10 frilled lizards
  A quokka skeleton (D:4)
  6 rats
  10 fungi
  19 plants
1300 creatures vanquished.

Vanquished Creatures (collateral kills)
  A wolf spider (Spider:1)
  An orb spider (Spider:1)
  A jumping spider (Spider:1)
  A redback (Spider:1)
4 creatures vanquished.

Vanquished Creatures (others)
  2 jumping spiders (Spider:1)
  A tengu conjurer (D:13)
  A redback (Spider:1)
  2 slaves (D:5)
  A bullfrog (Lair:6)
  A howler monkey (D:5)
  An iguana (D:5)
  3 gnolls (D:5)
  3 bushes
  63 fungi
  68 plants
146 creatures vanquished.

Grand Total: 1450 creatures vanquished

Notes
Turn   | Place    | Note
-------+----------+-------------------------------------------
     0 | D:1      | equalderp2856 the Mummy Fighter began the quest for the Orb.
     0 | D:1      | Reached XP level 1. HP: 18/18 MP: 1/1
     0 | D:1      | Noticed a gargoyle
     1 | D:1      | Noticed a minotaur
     3 | D:1      | Noticed a naga
    13 | D:1      | Noticed a minotaur zombie
    15 | D:1      | Noticed a human
    17 | D:1      | Noticed a minotaur skeleton
   146 | D:1      | Reached XP level 2. HP: 18/24 MP: 2/2
   808 | D:2      | Reached XP level 3. HP: 29/29 MP: 3/3
   869 | D:2      | Found a faded altar of an unknown god.
   987 | D:2      | Noticed Natasha
   998 | D:2      | Killed Natasha
   998 | D:2      | Reached skill level 2 in Axes
  1066 | D:2      | Found a blossoming altar of Fedhas.
  1069 | D:2      | Found a burning altar of Makhleb.
  1123 | D:2      | Found a glowing golden altar of the Shining One.
  1353 | D:2      | Noticed Natasha
  1360 | D:2      | Killed Natasha
  1360 | D:2      | Reached XP level 4. HP: 24/35 MP: 4/4
  1383 | D:2      | Noticed Jessica
  1389 | D:2      | Killed Jessica
  1639 | D:2      | Noticed Natasha
  1646 | D:2      | Killed Natasha
  1646 | D:2      | Reached XP level 5. HP: 39/41 MP: 5/5
  1850 | D:3      | Reached skill level 3 in Axes
  1899 | D:3      | Found a runed door.
  2144 | D:3      | HP: 1/41 [orc priest/divine providence (8)]
  2647 | D:3      | HP: 2/41 [orc priest/divine providence (13)]
  3152 | D:3      | Reached skill level 1 in Dodging
  3152 | D:3      | Reached XP level 6. HP: 47/47 MP: 6/6
  3196 | D:3      | Noticed Crazy Yiuf
  3203 | D:3      | Killed Crazy Yiuf
  3391 | D:4      | Reached skill level 1 in Spellcasting
  3470 | D:4      | Found a sparkling altar of Nemelex Xobeh.
  3612 | D:4      | Reached skill level 4 in Axes
  3807 | D:4      | Noticed a water moccasin
  3823 | D:4      | Killed a water moccasin
  3823 | D:4      | Reached XP level 7. HP: 52/52 MP: 9/9
  4082 | D:5      | Entered Level 5 of the Dungeon
  4082 | D:5      | Found a staircase to the Ecumenical Temple.
  4214 | D:5      | Reached skill level 5 in Axes
  4353 | D:5      | Found a deep blue altar of Sif Muna.
  4393 | D:5      | Noticed Blork the orc
  4406 | D:5      | Killed Blork the orc
  4656 | D:5      | Noticed Dowan
  4656 | D:5      | Noticed Duvessa
  4721 | D:5      | Killed Dowan
  4721 | D:5      | Reached XP level 8. HP: 54/60 MP: 4/12
  4728 | D:5      | Killed Duvessa
  4901 | D:5      | Noticed Pikel
  4969 | D:5      | Killed Pikel
  4969 | D:5      | Reached skill level 6 in Axes
  5421 | D:5      | Noticed Sigmund
  5426 | D:5      | Killed Sigmund
  5686 | D:6      | Reached skill level 7 in Axes
  5686 | D:6      | Reached XP level 9. HP: 31/66 MP: 5/15
  6443 | D:6      | Found Feciryru's Weapon Boutique.
  6449 | D:6      | Bought a +2 broad axe of flaming for 249 gold pieces
  6806 | D:6      | Noticed Irenicus's ghost (novice DDEE)
  6817 | D:6      | Killed Irenicus's ghost
  6817 | D:6      | Reached skill level 5 in Fighting
  6846 | D:6      | Noticed Eustachio
  6863 | D:6      | Killed Eustachio
  6983 | D:7      | Reached skill level 8 in Axes
  7100 | D:7      | Found a basalt altar of Yredelemnul.
  7153 | D:7      | Reached skill level 5 in Armour
  7229 | D:7      | Found a faded altar of an unknown god.
  7229 | D:7      | Found an iron altar of Okawaru.
  7235 | D:7      | Found a bloodstained altar of Trog.
  7237 | D:7      | Found a faded altar of an unknown god.
  7238 | D:7      | Found a burning altar of Makhleb.
  7339 | D:7      | Found an iron altar of Okawaru.
  8043 | D:8      | Found a staircase to the Lair.
  8089 | D:7      | Reached XP level 10. HP: 34/76 MP: 17/17
  8457 | D:8      | Noticed a two-headed ogre
  8477 | D:8      | Killed a two-headed ogre
  8477 | D:8      | Reached skill level 9 in Axes
  9187 | D:8      | Found a shadowy altar of Dithmenos.
  9193 | D:8      | Noticed a two-headed ogre
  9203 | D:8      | Killed a two-headed ogre
  9435 | D:8      | Noticed a two-headed ogre
  9453 | D:8      | Killed a two-headed ogre
  9453 | D:8      | Reached skill level 10 in Axes
  9593 | D:8      | Noticed a two-headed ogre
  9612 | D:8      | Killed a two-headed ogre
  9612 | D:8      | Reached XP level 11. HP: 36/84 MP: 18/18
  9885 | D:8      | Noticed Erica
  9899 | D:8      | Killed Erica
 10833 | D:9      | Paralysed by an orc priest for 4 turns
 10905 | D:9      | Found a staircase to the Orcish Mines.
 10910 | D:9      | Found a roughly hewn altar of Beogh.
 11348 | D:9      | Noticed Psyche
 11356 | D:9      | Killed Psyche
 11928 | D:10     | Entered Level 10 of the Dungeon
 12281 | D:10     | Noticed Sonja
 12291 | D:10     | Killed Sonja
 12291 | D:10     | Reached skill level 11 in Axes
 12401 | D:10     | Reached skill level 5 in Spellcasting
 13003 | D:11     | Noticed a cyan ugly thing
 13469 | D:10     | Noticed a two-headed ogre
 13486 | D:10     | Killed a two-headed ogre
 13828 | D:11     | Noticed a white ugly thing
 13843 | D:11     | Killed a white ugly thing
 14109 | D:11     | Found Sonifail's Gadget Shop.
 14162 | D:11     | Reached XP level 12. HP: 88/94 MP: 20/20
 14223 | D:11     | Noticed a two-headed ogre
 14304 | D:11     | Killed a two-headed ogre
 16064 | D:12     | Reached skill level 12 in Axes
 16585 | Lair:1   | Entered Level 1 of the Lair of Beasts
 17367 | Lair:1   | Reached skill level 10 in Fighting
 17959 | Lair:2   | Found a hole to the Spider Nest.
 18464 | Lair:2   | Found a staircase to the Shoals.
 19276 | Lair:3   | Noticed a death yak
 19279 | Lair:3   | Noticed a death yak
 19280 | Lair:3   | Noticed a death yak
 19281 | Lair:3   | Noticed a death yak
 19281 | Lair:3   | Noticed a death yak
 19298 | Lair:2   | Killed a death yak
 19298 | Lair:2   | Gained mutation: You are in touch with the powers of death. [Mummy growth]
 19298 | Lair:2   | Reached XP level 13. HP: 77/103 MP: 25/25
 20846 | Lair:3   | Reached skill level 13 in Axes
 26198 | Lair:5   | Reached XP level 14. HP: 113/113 MP: 27/27
 26541 | Lair:6   | Entered Level 6 of the Lair of Beasts
 26560 | Lair:6   | Found a staircase to the Slime Pits.
 26918 | Lair:5   | Reached skill level 10 in Spellcasting
 27460 | Lair:6   | Noticed Monsterracer's ghost (journeyman DDFi)
 28180 | Lair:6   | Reached skill level 14 in Axes
 28744 | Lair:6   | Reached skill level 10 in Armour
 35497 | Lair:6   | Killed Monsterracer's ghost
 35820 | Lair:6   | Learned a level 1 spell: Animate Skeleton
 35822 | Lair:6   | Learned a level 1 spell: Apportation
 35824 | Lair:6   | Learned a level 1 spell: Confusing Touch
 35826 | Lair:6   | Learned a level 1 spell: Summon Small Mammal
 37964 | Lair:2   | Reached XP level 15. HP: 98/122 MP: 29/29
 38598 | Orc:1    | Entered Level 1 of the Orcish Mines
 38825 | Orc:2    | Entered Level 2 of the Orcish Mines
 38830 | Orc:2    | Noticed Azrael
 38837 | Orc:1    | Reached skill level 1 in Translocations
 39351 | D:10     | Found a hazy altar of Hepliaklqana.
 40211 | D:13     | Found a shadowy altar of Dithmenos.
 40220 | D:13     | Reached skill level 1 in Necromancy
 40338 | D:13     | Reached skill level 15 in Axes
 42433 | D:13     | Found a gate to the Vaults.
 42863 | D:14     | Found Alui's Armour Emporium.
 43032 | D:14     | Noticed HammerPanzer's ghost (journeyman DsBe)
 45900 | Orc:2    | Killed Azrael
 46557 | Orc:2    | Found a roughly hewn altar of Beogh.
 46611 | Orc:2    | Noticed Josephine
 46626 | Orc:2    | Killed Josephine
 46743 | Orc:2    | Found a staircase to the Elven Halls.
 49536 | Orc:2    | Reached skill level 5 in Shields
 49536 | Orc:2    | Reached XP level 16. HP: 130/130 MP: 30/30
 49616 | Orc:2    | Found Quur's Assorted Antiques.
 49616 | Orc:2    | Found Kopra's Assorted Antiques.
 49617 | Orc:2    | Found Yckynk's General Store.
 49617 | Orc:2    | Found Guvo's Weapon Emporium.
 49632 | Orc:2    | Bought a large pearl ring for 140 gold pieces
 49632 | Orc:2    | Bought an agate ring for 140 gold pieces
 49632 | Orc:2    | Bought a scroll of identify for 56 gold pieces
 49632 | Orc:2    | Bought a scroll of enchant armour for 210 gold pieces
 49632 | Orc:2    | Bought a wand of random effects (?/48) for 28 gold pieces
 49634 | Orc:2    | Bought a scroll of identify for 22 gold pieces
 49640 | Orc:2    | Bought a scroll of teleportation for 48 gold pieces
 51950 | Spider:1 | Entered Level 1 of the Spider Nest
 53165 | Spider:1 | Reached skill level 16 in Axes
 53268 | Spider:1 | Noticed Kirke
 53279 | Spider:1 | Noticed a sphinx
 53281 | Spider:1 | Killed Kirke
 53281 | Spider:1 | Reached skill level 5 in Necromancy
 63775 | Lair:1   | Reached skill level 5 in Translocations
107206 | Lair:2   | Reached XP level 17. HP: 84/137 MP: 32/32
250231 | Shoals:1 | Entered Level 1 of the Shoals
251322 | Shoals:1 | Learned a level 4 spell: Force Lance
254311 | Spider:2 | HP: 3/137 [redback (11)]
257110 | Spider:3 | Reached skill level 10 in Necromancy
257419 | Spider:4 | Entered Level 4 of the Spider Nest
257434 | Spider:4 | Noticed Bai Suzhen
257936 | Spider:4 | Noticed Arachne
258108 | Spider:3 | Reached XP level 18. HP: 131/144 MP: 35/35
258221 | Spider:3 | Reached skill level 1 in Evocations
259784 | Spider:4 | Killed Arachne
260725 | Spider:4 | HP: 3/145 [wolf spider (14)]
260726 | Spider:4 | Slain by a wolf spider

Skill      XL: |  1  2  3  4  5  6  7  8  9 10 11 12 13 14 15 16 17 18 |
---------------+-------------------------------------------------------+-----
Axes           | 2 3 4 5 7 8 10 11 12 13 14 15 16 | 16.6
Shields        | 3 4 5 |  5.4
Armour         | 3 4 5 6 7 8 9 10 11 | 11.7
Dodging        | 1 2 |  2.2
Spellcasting   | 1 2 4 5 8 9 10 11 13 | 13.2
Fighting       | 4 5 7 8 10 11 12 13 | 13.7
Translocations | 3 6 8 9 |  9.0
Necromancy     | 4 7 10 | 10.0
Evocations     | 2 |  2.6
Polearms       | |  0.1
Stealth        | |  0.1

Action                   |  1- 3 |  4- 6 |  7- 9 | 10-12 | 13-15 | 16-18 || total
-------------------------+-------+-------+-------+-------+-------+-------++-------
Melee: War axe           |   138 |   152 |   266 |       |       |       ||   556
       Broad axe         |       |       |   122 |   976 |  1851 |  1768 ||  4717
       Demon trident     |       |       |       |    22 |   127 |    84 ||   233
 Cast: Apportation       |       |       |       |       |       |     6 ||     6
       Animate Skeleton  |       |       |       |       |       |     1 ||     1
Evoke: Wand              |       |       |       |     8 |     4 |    14 ||    26
       Fan of gales      |       |       |       |       |       |     1 ||     1
  Use: Scroll            |       |       |     7 |     6 |    10 |     9 ||    32
 Stab: Distracted        |       |       |       |       |     1 |       ||     1
       Confused          |       |       |       |       |       |     2 ||     2
Armor: Scale mail        |    68 |    70 |    90 |       |       |       ||   228
       Chain mail        |       |       |   129 |   134 |       |  1645 ||  1908
       Plate armour      |       |       |       |   548 |  1429 |    70 ||  2047
Dodge: Dodged            |    41 |    49 |   137 |   226 |   386 |   630 ||  1469
Block: Shield            |    79 |    71 |   229 |   489 |   941 |  1066 ||  2875
